 Dungeon Crawl Stone Soup version 0.17-a0-1378-g281efdd (webtiles) character file.

2428 Gorice the Quickloader (level 9, -3/68 HPs)
             Began as a Formicid Hunter on June 14, 2015.
             Was a Believer of Makhleb.
             Slain by a white ugly thing (12 damage)
             ... on level 8 of the Dungeon.
             The game lasted 00:47:28 (7560 turns).

Gorice the Quickloader (Formicid Hunter)            Turns: 7560, Time: 00:47:28

Health: -3/68      AC: 18    Str: 18    XL:     9   Next: 77%
Magic:  6/9        EV:  6    Int: 13    God:    Makhleb [**....]
Gold:   500        SH:  0    Dex: 11    Spells: 0 memorised, 8 levels left

rFire  + . .     SeeInvis +     a - +2 whip (flame)
rCold  . . .     Clarity  +     I - +0 plate armour
rNeg   + . .     SustAt   .     (no shield)
rPois  .         Gourm    .     (helmet unavailable)
rElec  .         Spirit   .     k - +0 cloak
rCorr  .         Warding  .     m - +0 pair of gloves
rMut   .         Stasis   +     N - +1 pair of boots
MR     .....                    x - amulet of clarity
Stlth  ..........               H - ring of positive energy
                                K - ring of protection from fire

@: not resistant to hostile enchantments, extremely unstealthy
A: permanent stasis, dig shafts and tunnels, four strong arms, antennae 3
a: Dig, Shaft Self, Minor Destruction, Renounce Religion


You were on level 8 of the Dungeon.
You worshipped Makhleb.
Makhleb was pleased with you.
You were not hungry.

You visited 2 branches of the dungeon, and saw 9 of its levels.
You also visited: Sewer.

You collected 500 gold pieces.

Inventory:

Hand weapons
 a - a +2 whip of flaming (weapon)
   (You took it off Pikel on level 6 of the Dungeon)
 b - a +2 hand crossbow
 p - a +1 flail of protection
   (You took it off Terence on level 2 of the Dungeon)
 B - a +0 blowgun
 J - a +2 falchion of protection
   (You took it off an orc priest on level 7 of the Dungeon)
Missiles
 c - 30 bolts
 d - 25 poisoned needles
 v - 5 tomahawks of returning (quivered)
 E - 4 curare-tipped needles
 L - 9 tomahawks
 Z - 219 stones
Armour
 k - a +0 cloak (worn)
 m - a +0 pair of gloves (worn)
 I - a +0 plate armour (worn)
 N - a +1 pair of boots (worn)
Magical staves
 Q - an uncursed staff of conjuration
Jewellery
 x - an amulet of clarity (around neck)
 H - a ring of positive energy (right hand)
 K - a ring of protection from fire (left hand)
 M - an uncursed ring of sustain attributes
 P - a +4 ring of dexterity
Magical devices
 g - a wand of slowing (35)
 s - a wand of fireball (10)
 t - a wand of digging (12)
 w - a wand of disintegration (14)
 A - a wand of slowing (13)
Scrolls
 n - a scroll of amnesia
 q - a scroll of enchant weapon
 r - 2 scrolls of magic mapping {!r}
 y - a scroll of fear {!r}
 C - 5 scrolls of remove curse
 O - a scroll of summoning {!r}
Potions
 j - 3 potions of curing
 l - 2 potions of might {!q}
 o - a potion of agility {!q}
 u - 2 potions of lignification {!q}
 z - 2 potions of magic {!q}
 G - 2 potions of heal wounds {!q}
 T - a potion of ambrosia {unknown}
 U - a potion of resistance {unknown}
Miscellaneous
 f - a fan of gales
Comestibles
 e - 8 bread rations {!e}
 h - 10 beef jerkies
 i - 3 meat rations {!e}
 D - 10 royal jellies
 F - 5 fruits
 R - 3 chunks of flesh


   Skills:
 + Level 5.3 Fighting
 - Level 10.2 Crossbows
 + Level 7.3 Armour
 - Level 1.7 Dodging
 - Level 1.2 Stealth


You had 8 spell levels left.
You didn't know any spells.

Dungeon Overview and Level Annotations

Branches:
Dungeon (8/15)             Temple (1/1) D:5
   Lair: D:8-11

Altars:
Cheibriados
Dithmenos
Elyvilon
Fedhas
Kikubaaqudgha
Makhleb
Nemelex Xobeh
Okawaru
Qazlal
Ru
Sif Muna
Trog
Vehumet
Xom
Yredelemnul
Zin
The Shining One


Innate Abilities, Weirdness & Mutations

You are under a permanent stasis effect.
You can dig through walls and to a lower floor.
Your four strong arms can wield two-handed weapons with a shield.
You have a pair of large antennae on your head (SInv).


Message History

Aim: a white ugly thing (lightly wounded, chance to defeat MR: 34%)
The white ugly thing easily resists.
Evoking this partially-identified wand wasted a few charges.
The white ugly thing tail-slaps you but does no damage.
Evoke which item? (* to show all) (? for menu, Esc to quit)
Zapping:
A - a wand of slowing {zapped: 3} (will waste charges)
Press: ? - help, Shift-Dir - straight line, f/p - white ugly thing
Aim: a white ugly thing (lightly wounded, chance to defeat MR: 34%)
The white ugly thing easily resists.
Evoking this partially-identified wand wasted a few charges.
The white ugly thing barely misses you.
The white ugly thing tail-slaps you but does no damage.
You see here a morningstar.
Evoke which item? (* to show all) (? for menu, Esc to quit)
Zapping:
s - a wand of fireball {recharged} (will waste charges)
Press: ? - help, Shift-Dir - straight line, f/p - white ugly thing
Aim: a white ugly thing The fireball explodes!
The fireball engulfs the white ugly thing.
The white ugly thing is lightly wounded.
The fireball engulfs the jelly.
You kill the jelly!
Makhleb accepts your kill.
You feel a little better.
Evoking this partially-identified wand wasted a few charges.
Evoke which item? (* to show all) (? for menu, Esc to quit)
You don't have any such object.
Evoke which item? (* to show all) (? for menu, Esc to quit)
Okay, then.
Unknown command.
Evoke which item? (* to show all) (? for menu, Esc to quit)
Zapping:
s - a wand of fireball {zapped: 2} (will waste charges)
Press: ? - help, Shift-Dir - straight line, f/p - white ugly thing
Aim: a white ugly thing (lightly wounded)
The fireball explodes!
The fireball engulfs the white ugly thing.
The white ugly thing is moderately wounded.
Evoking this partially-identified wand wasted a few charges.
A rat comes into view.
The white ugly thing tail-slaps you. The white ugly thing freezes you!!
* * * LOW HITPOINT WARNING * * *
Damage: 24 (max 34) Unknown command.
The white ugly thing tail-slaps you but does no damage.
There is a shadowy altar of Dithmenos here.
The white ugly thing tail-slaps you but does no damage.
The white ugly thing tail-slaps you!
* * * LOW HITPOINT WARNING * * *
The white ugly thing freezes you!
You die...

# ###..########### #
##...n..........# #
#......########.# . #
#..._..# #.# . #
#......###### #.# .## {
#......##[..# #.# ###..
#.....###...###.# .#.##
#......n..r.u.#.# ...#
#########...#@#.#####[.#
.............)..#..#
####...#.#.###)#..#
#...#.#.).#))..#
##############.###.#.##.#
#..................#.####
#.############.#####....#
#.# #.# ####.#
###.############.# #.#


You could see a white ugly thing, a necrophage and a rat.

Vanquished Creatures
  Pikel (D:6)
  2 soldier ants (D:8)
  An orc warrior (D:6)
  An ice beast (D:4)
  A black bear (D:5)
  A sky beast (D:5)
  An eye of draining (D:8)
  3 giant frogs
  A big kobold (D:8)
  3 orc priests
  Crazy Yiuf (D:4)
  4 hounds
  2 iguanas
  2 jellies
  5 orc wizards
  Terence (D:2)
  4 worker ants
  A hound zombie (D:5)
  3 hound skeletons
  A worker ant zombie (D:5)
  13 adders
  7 gnolls
  An ooze (D:4)
  9 giant geckos
  9 orcs
  4 ball pythons
  A bat zombie (D:2)
  12 giant cockroaches
  14 goblins
  14 hobgoblins
  2 quokkas
  12 bats
  A giant cockroach zombie (D:2)
  8 giant newts
  5 jackals
  A jackal skeleton (D:2)
  20 kobolds
  2 quokka skeletons
  14 rats
  A fungus (D:4)
189 creatures vanquished.

Vanquished Creatures (others)
  A two-headed ogre (D:8)
  An ogre (D:8)
  A necrophage (D:8)
  A centaur (D:8)
  A worker ant (D:8)
  A shadow imp (D:8)
  6 orcs
  A giant cockroach (D:8)
  2 goblins (D:6)
  A jackal (D:8)
  A jackal skeleton (D:8)
  A kobold (D:8)
18 creatures vanquished.

Grand Total: 207 creatures vanquished

Notes
Turn   | Place    | Note
--------------------------------------------------------------
     0 | D:1      | Gorice the Formicid Hunter began the quest for the Orb.
     0 | D:1      | Reached XP level 1. HP: 16/16 MP: 1/1
   195 | D:1      | Reached XP level 2. HP: 21/23 MP: 2/2
   566 | D:1      | Reached XP level 3. HP: 24/28 MP: 3/3
   943 | D:2      | Reached skill level 3 in Fighting
   962 | D:2      | Found a faded altar to an unknown god.
  1038 | D:2      | Reached XP level 4. HP: 21/35 MP: 4/4
  1173 | D:2      | Reached skill level 5 in Crossbows
  1388 | D:2      | Noticed Terence
  1408 | D:2      | Killed Terence
  1408 | D:2      | Reached XP level 5. HP: 35/41 MP: 5/5
  1609 | D:2      | Found a snail-covered altar of Cheibriados.
  1688 | D:2      | Found a glowing golden altar of the Shining One.
  2061 | D:3      | Found a white marble altar of Elyvilon.
  2061 | D:3      | Found a basalt altar of Yredelemnul.
  2485 | D:4      | Reached skill level 6 in Crossbows
  2485 | D:4      | Reached XP level 6. HP: 43/48 MP: 6/6
  2594 | D:4      | Noticed Crazy Yiuf
  2608 | D:4      | Killed Crazy Yiuf
  2608 | D:4      | Reached skill level 1 in Armour
  2825 | D:4      | Noticed an ice beast
  2835 | D:4      | Killed an ice beast
  2835 | D:4      | Reached skill level 7 in Crossbows
  2835 | D:4      | Reached skill level 2 in Armour
  2835 | D:4      | Reached XP level 7. HP: 35/53 MP: 7/7
  2908 | D:4      | Found a blossoming altar of Fedhas.
  3158 | D:5      | Entered Level 5 of the Dungeon
  3881 | D:5      | Reached skill level 3 in Armour
  3899 | D:5      | Found a staircase to the Ecumenical Temple.
  3905 | Temple   | Entered the Ecumenical Temple
  3987 | Temple   | Became a worshipper of Makhleb the Destroyer
  4297 | D:5      | Reached skill level 8 in Crossbows
  4297 | D:5      | Reached XP level 8. HP: 40/60 MP: 8/8
  4433 | D:6      | Reached skill level 4 in Armour
  4665 | D:6      | Acquired Makhleb's first power
  4686 | D:6      | Found a radiant altar of Vehumet.
  4736 | D:6      | Found a glowing drain.
  4794 | Sewer    | Entered a sewer
  5197 | Sewer    | Reached skill level 9 in Crossbows
  5307 | D:6      | Noticed Pikel
  5326 | D:6      | Killed Pikel
  5326 | D:6      | Reached skill level 5 in Armour
  5326 | D:6      | Reached XP level 9. HP: 27/65 MP: 9/9
  5777 | D:6      | Reached skill level 10 in Crossbows
  5784 | D:6      | Reached skill level 6 in Armour
  6180 | D:7      | Acquired Makhleb's second power
  6208 | D:7      | Reached skill level 4 in Fighting
  7370 | D:8      | Found a shadowy altar of Dithmenos.
  7452 | D:8      | Reached skill level 7 in Armour
  7467 | D:8      | Reached skill level 5 in Fighting
  7507 | D:8      | Noticed a white ugly thing
  7514 | D:8      | HP: 2/68 [white ugly thing (23)]
  7539 | D:8      | HP: 13/68 [white ugly thing (22)]
  7560 | D:8      | HP: 9/68 [white ugly thing (8)]
  7560 | D:8      | Slain by a white ugly thing

Vault maps used:
D:1:      tarquinn_simple_flora_water_f, glass_columns_b
D:2:      cheibriados_altar_wand_db, ecumenical_altar_1, serial_undead,
          serial_undead_c, serial_undead_b, serial_undead_f, serial_undead_d,
          first_bread, minmay_misc_feat_ornament, st_stairs_1,
          nicolae_tso_carved_into_rock, uniq_terence
D:3:      gammafunk_temple_overflow_wave
D:4:      kennysheep_mini_moat, lemuel_old_faithful, uniq_crazy_yiuf_cottage
D:5:      minmay_temple_entry_fiery
D:6:      corexii_shack_village, old_standard_altar, gup_sewer_entry_pipe,
          uniq_pikel
D:8:      ashenzari_conservatory_becter, basic_altar, hangedman_pestilent_swarm,
          xom_confusion_cloud
Temple:   temple_eino_lava_12
Sewer:    sewer_frog_island_01

Action                   |  1- 3 |  4- 6 |  7- 9 || total
-------------------------+-------+-------+-------++-------
Melee: Short sword       |    38 |    28 |       ||    66
       Flail             |       |    68 |   226 ||   294
       Whip              |       |       |   121 ||   121
 Fire: Hand crossbow     |    41 |    99 |   176 ||   316
Evoke: Wand              |       |       |     4 ||     4
  Use: Scroll            |     4 |     7 |    11 ||    22
       Potion            |       |       |     1 ||     1
  Eat: Chunk             |       |     6 |    11 ||    17
       Royal jelly       |       |       |     1 ||     1
       Pizza             |       |       |     2 ||     2

Table legend:
 A = Turns spent in this place as a percentage of turns spent in the entire game.
 B = Non-inter-level travel turns spent in this place as a percentage of non-inter-level travel turns spent in the entire game.
 C = Inter-level travel turns spent in this place as a percentage of turns spent in this place.
 D = Turns resting spent in this place as a percentage of non-inter-level travel turns spent in this place.
 E = Turns spent auto-exploring this place as a percentage of non-inter-level travel turns spent in this place.
 F = Non-inter-level travel turns spent in this place divided by the number of levels of this place that you've seen.
                   A       B       C       D       E      F
               +-------+-------+-------+-------+-------+----------------------
         Total | 100.0 | 100.0 |   0.2 |   0.4 |   5.2 | 340.1
       Dungeon |  88.1 |  88.1 |   0.2 |   0.3 |   5.6 | 374.5
        Temple |   1.1 |   1.1 |   2.6 |   0.0 |  21.6 |  37.0
         Sewer |  10.8 |  10.8 |   0.0 |   1.9 |   0.3 | 368.0
               +-------+-------+-------+-------+-------+----------------------

Vault maps used:
D:1:      tarquinn_simple_flora_water_f, glass_columns_b
D:2:      cheibriados_altar_wand_db, ecumenical_altar_1, serial_undead,
          serial_undead_c, serial_undead_b, serial_undead_f, serial_undead_d,
          first_bread, minmay_misc_feat_ornament, st_stairs_1,
          nicolae_tso_carved_into_rock, uniq_terence
D:3:      gammafunk_temple_overflow_wave
D:4:      kennysheep_mini_moat, lemuel_old_faithful, uniq_crazy_yiuf_cottage
D:5:      minmay_temple_entry_fiery
D:6:      corexii_shack_village, old_standard_altar, gup_sewer_entry_pipe,
          uniq_pikel
D:8:      ashenzari_conservatory_becter, basic_altar, hangedman_pestilent_swarm,
          xom_confusion_cloud
Temple:   temple_eino_lava_12
Sewer:    sewer_frog_island_01
